 Dungeon Crawl Stone Soup version 0.30-a0-859-gf88a04b62d (webtiles) character file.

Game seed: 6761992185002064477

396 Ijustatesigmund the Conjurer (level 6, -1/32 HPs)
             Began as a Deep Elf Conjurer on Mar 6, 2023.
             Slain by Pikel
             ... wielding a +1 whip of freezing
              (2 damage)
             ... on level 4 of the Dungeon.
             The game lasted 00:11:05 (4636 turns).

Ijustatesigmund the Conjurer (Deep Elf Conjurer)    Turns: 4636, Time: 00:11:05

Health: -1/32      AC:  3    Str:  4    XL:     6   Next: 52%
Magic:  0/15       EV: 12    Int: 25    God:
Gold:   142        SH:  5    Dex: 13    Spells: 4/14 levels left

rFire   . . .      SeeInvis .    c - +1 hand axe
rCold   . . .      Faith    .    d - +1 buckler
rNeg    . . .      Spirit   .    a - +0 robe
rPois   .          Reflect  .    (no helmet)
rElec   .          Rampage  .    n - +0 cloak
rCorr   .                        (no gloves)
Will    .....                    (no boots)
Stlth   ++                       (no amulet)
HPRegen 0.25/turn                j - ring of wizardry
MPRegen 0.14/turn                v - ring of wizardry

@: no status effects
A: no striking features
a: no special abilities


You were on level 4 of the Dungeon.
You visited 1 branch of the dungeon, and saw 4 of its levels.

You collected 142 gold pieces.

Inventory:

Hand Weapons
 c - a +1 hand axe (weapon)
Armour
 a - a +0 robe (worn)
 d - a +1 buckler (worn)
 n - a +0 cloak (worn)
Jewellery
 j - a ring of wizardry (left hand)
 p - a +6 ring of dexterity
 v - a ring of wizardry (right hand)
Wands
 b - a wand of polymorph (7)
 u - a wand of flame (29)
Scrolls
 e - a scroll of teleportation
 h - a scroll of poison
 l - a scroll of fear
 m - 2 scrolls of immolation
 o - 2 scrolls of blinking
 s - 3 scrolls of brand weapon {unknown}
 w - a scroll of enchant weapon
Potions
 f - a potion of curing
 g - a potion of attraction
 i - a potion of degeneration {unknown}
 k - 2 potions of mutation {unknown}
 q - 2 potions of haste {unknown}
 r - a potion of lignification {unknown}


   Skills:
 - Level 2.4 Dodging
 - Level 2.4 Stealth
 - Level 1.7 Shields
 + Level 4.8 Spellcasting
 + Level 5.1 Conjurations
 + Level 3.6 Translocations
 + Level 3.5 Ice Magic


You had 4 spell levels left.
You knew the following spells:

 Your Spells              Type           Power      Damage    Failure   Level
a - Magic Dart            Conj           100%       1d8       1%          1
b - Searing Ray           Conj           62%        2d6       1%          2
c - Iskenderun's Mystic   Conj/Tloc      27%        2d7       5%          4
d - Frozen Ramparts       Ice            46%        1d7       2%          3

Your spell library contained the following spells:

 Spells                   Type           Power      Damage    Failure   Level
 Freeze                   Ice            92%        1d9       1%          1
 Hailstorm                Conj/Ice       27%        3d7       1%          3
 Dazzling Flash           Conj/Hex       36%        N/A       3%          3
 Fulminant Prism          Conj/Hex       9%         3d7       11%         4
 Summon Forest            Summ/Tloc      7%         N/A       34%         5
 Summon Mana Viper        Hex/Summ       6%         N/A       58%         5
 Summon Cactus Giant      Summ           3%         N/A       98%         6


Dungeon Overview and Level Annotations

Branches:
Dungeon (4/15)
 Temple: D:4-7

Altars:

Annotations:
D:3 2 transporters, zammaz's ghost, amateur SpBr
D:4 Pikel


Message History

Pikel is heavily wounded.
The wall freezes Pikel!
Pikel hits you with a +1 whip of freezing.
Pikel freezes you.
Okay, then.
You hit Pikel but do no damage.
Pikel is severely wounded.
The wall freezes Pikel but does no damage.
Pikel completely misses you.
The wall freezes the lemure.
You are now empty-handed.
Casting: Iskenderun's Mystic Blast (quite dangerous; 5% risk of failure)
Confirm with . or Enter, or press ? or * to list all spells.
The spell is quite dangerous to miscast (5% risk of failure)!
Continue anyway? [Y]es or [N]o only, please.
The spell is quite dangerous to miscast (5% risk of failure)!
Continue anyway?
You erupt in a blast of force!
The mystic blast hits the lemure.
The lemure is moderately wounded.
The lemure is knocked back by the mystic blast.
The mystic blast hits Pikel!
Pikel is almost dead.
Pikel is knocked back by the mystic blast.
The wall freezes the lemure.
The wall freezes Pikel but does no damage.
c - a +1 hand axe (weapon)
The frozen ramparts melt away.
You closely miss Pikel.
Pikel is almost dead.
Pikel hits you with a +1 whip of freezing.
Pikel freezes you.
Pikel hits you with a +1 whip of freezing.
Pikel freezes you.
You feel much better.
Pikel hits you with a +1 whip of freezing!
Pikel freezes you.
You closely miss Pikel.
Pikel is almost dead.
Pikel hits you with a +1 whip of freezing!
* * * LOW HITPOINT WARNING * * *
Pikel freezes you.
You die...

#.####..# #....#..####
#.# ####.#.....# #.#
####.#.###.## #.#
.....#.###..####.#
######.........#.#
.....######..#.#.#
...........#)#.#.#
...........#...#@#
...........##..#K#
...........##..#5#
......)....##..#5# ###
##.#.......##..#.###....
#.###########.........#
#.........###.#..##....
#########.....#...# ..
..................#


You could see Pikel and 2 lemures.

Vanquished Creatures
  Grinder (D:3)
  2 lemures (D:4)
  Ijyb (D:3)
  Natasha (thrice) (D:2)
  Terence (D:3)
  3 adders (D:2)
  4 dart slugs
  6 ball pythons
  7 endoplasms
  4 giant cockroaches
  6 goblins
  5 hobgoblins
  A quokka (D:2)
  2 bats
  11 frilled lizards
  3 kobolds
  3 rats
63 creatures vanquished.

Vanquished Creatures (others)
  2 fungi (D:2)
  6 plants (D:2)
  A withered plant (D:4)
9 creatures vanquished.

Grand Total: 72 creatures vanquished

Notes
Turn   | Place    | Note
-------+----------+-------------------------------------------
     0 | D:1      | Ijustatesigmund the Deep Elf Conjurer began the quest for
                  | the Orb.
     0 | D:1      | Reached XP level 1. HP: 10/10 MP: 6/6
   347 | D:1      | Reached XP level 2. HP: 15/15 MP: 5/8
   350 | D:1      | Learned a level 2 spell: Searing Ray
   771 | D:1      | Reached skill level 1 in Shields
   829 | D:1      | Reached XP level 3. HP: 19/19 MP: 6/10
  1580 | D:2      | Reached skill level 5 in Conjurations
  1657 | D:2      | Noticed Natasha
  1666 | D:2      | Killed Natasha
  1667 | D:2      | Reached XP level 4. HP: 8/24 MP: 0/12
  1759 | D:2      | Noticed Natasha
  2222 | D:3      | Learned a level 4 spell: Iskenderun's Mystic Blast
  2648 | D:3      | Learned a level 3 spell: Frozen Ramparts
  2724 | D:3      | Noticed Ijyb
  2740 | D:3      | Killed Ijyb
  2741 | D:3      | Reached skill level 1 in Translocations
  2741 | D:3      | Reached skill level 1 in Ice Magic
  2828 | D:3      | Noticed Grinder
  2833 | D:3      | Paralysed by Grinder for 4 turns
  2845 | D:3      | Killed Grinder
  2846 | D:3      | Reached XP level 5. HP: 19/28 MP: 1/13
  2846 | D:3      | Reached XP level 6. HP: 22/32 MP: 1/14
  3063 | D:3      | Noticed Terence
  3183 | D:3      | Killed Terence
  3677 | D:3      | Found a transporter.
  3687 | D:3      | Noticed zammaz's ghost (amateur SpBr)
  3688 | D:3      | Found a transporter.
  3691 | D:3      | Identified the +3 dire flail "Hiem" {venom, Str+3 Dex+2
                  | Stlth+}
  3770 | D:2      | Killed Natasha
  4039 | D:2      | Found a faded altar of an unknown god.
  4145 | D:2      | Noticed Natasha
  4149 | D:2      | Killed Natasha
  4616 | D:4      | Noticed Pikel
  4636 | D:4      | HP: 1/32 [Pikel/+1 whip of freezing (12)]
  4636 | D:4      | Slain by Pikel

Illustrated notes

Levels and vault maps discovered:
D:1:      heliophobic_arrival_battle_scene, layout_loops_ring, minmay_domino_4
D:2:      layout_loops_cross, shapermc_ecumenical_altar_mp_ritualfount,
          nicolae_figureground_sparkle, uniq_natasha
D:3:      layout_basic, gammafunk_ghost_smash, uniq_grinder, uniq_terence,
          uniq_ijyb
D:4:      layout_basic, kiku_gazebo_garden_becter, uniq_pikel

Skill      XL: |  1  2  3  4 |
---------------+-------------+-----
Shields        | 1 |  1.7
Spellcasting   | 4 |  4.8
Conjurations   | 5 |  5.1
Translocations | 3 |  3.6
Ice Magic      | 3 |  3.5
Dodging        | |  2.4
Stealth        | |  2.4

Action                     |  1- 3 |  4- 6 || total
---------------------------+-------+-------++-------
  Melee: Hand axe          |       |     3 ||     3
   Cast: Magic Dart        |    65 |    47 ||   112
         Searing Ray       |     3 |    11 ||    14
         Frozen Ramparts   |       |     4 ||     4
         Iskenderun's Myst |       |     2 ||     2
    Use: Scroll            |     7 |     5 ||    12
         Potion            |       |     3 ||     3
 Armour: Skin              |       |     3 ||     3
  Dodge: Dodged            |     3 |     8 ||    11
  Block: Buckler           |     1 |     6 ||     7

Table legend: (Time is in decaauts)
 A = Elapsed time spent in this place.
 B = Non-inter-level travel time spent in this place.
 C = Inter-level travel time spent in this place.
 D = Time resting spent in this place.
 E = Time spent auto-exploring this place.
 F = Levels seen in this place.
 G = Mean time per level.
                   A        B        C        D        E       F      G
               +--------+--------+--------+--------+--------+-----+--------+
         Total |   4638 |   4459 |    179 |   1498 |   2513 |   4 | 1159.5 |
       Dungeon |   4638 |   4459 |    179 |   1498 |   2513 |   4 | 1159.5 |
               +--------+--------+--------+--------+--------+-----+--------+

Top non-repeatable levels by time:
     D:1: 1740 daAuts
     D:3: 1642 daAuts
     D:2: 931 daAuts
     D:4: 324 daAuts
